 Dungeon Crawl Stone Soup version 0.31-a0-222-gefeffbb62a (webtiles) character file.

Game seed: 4067601372290851111

7 puppykicker the Vexing (level 1, -1/11 HPs)
             Began as a Deep Elf Hexslinger on July 6, 2023.
             Slain by a ball python (3 damage)
             ... on level 1 of the Dungeon.
             The game lasted 00:00:48 (93 turns).

puppykicker the Vexing (Deep Elf Hexslinger)          Turns: 93, Time: 00:00:49

Health: -1/11      AC:  2    Str:  5    XL:     1   Next: 91%
Magic:  5/5        EV: 10    Int: 17    God:
Gold:   0          SH:  0    Dex: 17    Spells: 2/3 levels left

rFire   . . .        a - +1 sling
rCold   . . .        (no shield)
rNeg    . . .        c - +0 robe
rPois   .            (no helmet)
rElec   .            (no cloak)
rCorr   .            (no gloves)
SInv    .            (no boots)
Will    .....        (no amulet)
Stlth   ++           (no ring)
HPRegen 0.21/turn    (no ring)
MPRegen 0.09/turn

%: no passive effects
@: constricted
A: no striking features
a: no special abilities


You were on level 1 of the Dungeon.
You visited 1 branch of the dungeon, and saw 1 of its levels.

Inventory:

Hand Weapons
 a - a +1 sling (weapon)
Armour
 c - a +0 robe (worn)
Scrolls
 b - a scroll of poison {!r}
Potions
 d - a potion of haste {unknown}


   Skills:
 + Level 0.8 Fighting
 * Level 3.0 Ranged Weapons
 + Level 0.1 Armour
 + Level 2.5 Dodging
 + Level 0.4 Stealth
 + Level 1.7 Spellcasting
 + Level 4.1 Hexes


You had 2 spell levels left.
You knew the following spells:

 Your Spells              Type           Power      Damage    Failure   Level
s - Slow                  Hex            60%        N/A       3%          1

Your spell library contained the following spells:

 Spells                   Type           Power      Damage    Failure   Level
 Inner Flame              Hex/Fire       8%         N/A       26%         3
 Portal Projectile        Hex/Tloc       16%        N/A       26%         3
 Cause Fear               Hex            7%         N/A       34%         4


Dungeon Overview and Level Annotations

Branches:
Dungeon (1/15)

Altars:


Message History

The sling bullet closely misses the ball python.
The sling bullet hits the rat.
You kill the rat!
The ball python bites you.
* * * LOW HITPOINT WARNING * * *
The ball python constricts you. The ball python barely misses you.
The ball python constricts you.
* * * LOW HITPOINT WARNING * * *
Your Ranged Weapons skill increases to level 3!
You take 2 damage, and have 4/11 hp.
You are too injured to fight recklessly!
You are too injured to fight recklessly!
You are too injured to fight recklessly!
Fire: a) +1 sling
Press: ? - help, Q - select action Shift-Dir - straight line, f - goblin, p - ball python
Aim: a goblin, wielding a +0 club (51% to hit)
You shoot a sling bullet.
The sling bullet barely misses the ball python.
The sling bullet hits the goblin but does no damage.
The ball python barely misses you. The ball python constricts you.
Fire: a) +1 sling
Press: ? - help, Q - select action Shift-Dir - straight line, f - ball python
Aim: a ball python (constricting you, 55% to hit)
You shoot a sling bullet.
The sling bullet closely misses the ball python.
The ball python bites you.
* * * LOW HITPOINT WARNING * * *
The ball python constricts you.
A quokka comes into view.
The ball python bites you but does no damage.
The ball python constricts you.
* * * LOW HITPOINT WARNING * * *
You take 2 damage, and have 2/11 hp.
Fire: a) +1 sling
Press: ? - help, Q - select action Shift-Dir - straight line, f/p - ball python
Aim: a ball python (constricting you, 55% to hit)
You shoot a sling bullet.
The sling bullet barely misses the ball python.
The ball python bites you.
You die...

#.#
.#..
#.#
....
#†#
#r..
#.# ...
#.# ..)
#.#
#[###
#.#
#.S.#
#.#
#@###.#
#.....#
#######


You could see a quokka and a ball python.

Levels and vault maps discovered:
D:1:      psy_arrival_basics, layout_basic, basic_ecumenical_altar,
          st_stairs_11, supply_closet_lemuel, chequers_serial_rivers_room_b

Notes
Turn   | Place    | Note
-------+----------+-------------------------------------------
     0 | D:1      | puppykicker the Deep Elf Hexslinger began the quest for the
                  | Orb.
     0 | D:1      | Reached XP level 1. HP: 11/11 MP: 5/5
    73 | D:1      | Identified a +0 club
    77 | D:1      | Identified a +0 short sword
    84 | D:1      | Identified a +0 club
    91 | D:1      | Reached skill level 3 in Ranged Weapons
    92 | D:1      | HP: 2/11 [constriction (1)]
    93 | D:1      | Slain by a ball python

Table legend: (Time is in decaauts)
 A = Elapsed time spent in this place.
 B = Non-inter-level travel time spent in this place.
 C = Inter-level travel time spent in this place.
 D = Time resting spent in this place.
 E = Time spent auto-exploring this place.
 F = Levels seen in this place.
 G = Mean time per level.
                   A        B        C        D        E       F      G
               +--------+--------+--------+--------+--------+-----+--------+
         Total |     98 |     98 |      0 |      0 |     67 |   1 |   98.0 |
       Dungeon |     98 |     98 |      0 |      0 |     67 |   1 |   98.0 |
               +--------+--------+--------+--------+--------+-----+--------+

Top non-repeatable levels by time:
     D:1: 98 daAuts

Table legend:
 A = Kills in this place as a percentage of kills in the entire game.
 B = Kills by you in this place as a percentage of kills by you in the entire game.
 C = Kills by friends in this place as a percentage of kills by friends in the entire game.
 D = Other kills in this place as a percentage of other kills in the entire game.
 E = Experience gained in this place as a percentage of experience gained in the entire game.
 F = Experience gained in this place divided by the number of levels of this place that you have seen.
                   A       B       C       D       E      F
               +-------+-------+-------+-------+-------+----------------------
         Total | 100.0 | 100.0 |   N/A |   N/A | 100.0 |  11.0
       Dungeon | 100.0 | 100.0 |   N/A |   N/A | 100.0 |  11.0
               +-------+-------+-------+-------+-------+----------------------

Skill      XL: |  1 |
---------------+----+-----
Ranged Weapons | 3 |  3.0
Fighting       | |  0.8
Armour         | |  0.1
Dodging        | |  2.5
Stealth        | |  0.4
Spellcasting   | |  1.7
Hexes          | |  4.1

Action                     || total
---------------------------++-------
   Fire: Sling             ||    21
 Armour: Robe              ||     2
  Dodge: Dodged            ||     7

Vanquished Creatures
  2 ball pythons (D:1)
  A goblin (D:1)
  A kobold (D:1)
  A quokka (D:1)
  A frilled lizard (D:1)
  A rat (D:1)
7 creatures vanquished.
